 Dungeon Crawl Stone Soup version 0.31-a0-640-g39d97e502b (webtiles) character file.

Game seed: 14913582645019209173

125 killozap the Grave Robber (level 4, -2/33 HPs)
             Began as a Demonspawn Necromancer on Aug 27, 2023.
             Slain by Edmund
             ... wielding a +6 flail of holy wrath
              (13 damage)
             ... on level 4 of the Dungeon.
             The game lasted 00:07:18 (3255 turns).

killozap the Grave Robber (Demonspawn Necromancer)  Turns: 3255, Time: 00:07:18

Health: -2/33      AC:  4    Str:  8    XL:     4   Next: 82%
Magic:  11/17      EV: 12    Int: 25    God:
Gold:   175        SH:  0    Dex: 13    Spells: 0/8 levels left

rFire   . . .        j - +1 dagger (venom)
rCold   . . .        (no shield)
rNeg    . . .        a - +0 robe
rPois   .            (no helmet)
rElec   .            (no cloak)
rCorr   .            e - +0 pair of gloves
SInv    .            n - +0 pair of boots
Will    .....        (no amulet)
Stlth   ++           k - +6 ring of intelligence
HPRegen 0.25/turn    p - ring of magical power
MPRegen 0.15/turn

%: no passive effects
@: no status effects
A: foul stench 1, spiny 1, demonic touch 1
a: no special abilities


You were on level 4 of the Dungeon.
You visited 1 branch of the dungeon, and saw 4 of its levels.

You collected 175 gold pieces.

Inventory:

Hand Weapons
 j - a +1 dagger of venom (weapon)
Armour
 a - a +0 robe (worn)
 e - a +0 pair of gloves (worn)
 n - a +0 pair of boots (worn)
Jewellery
 k - a +6 ring of intelligence (left hand)
 p - a ring of magical power (right hand)
Scrolls
 c - a scroll of poison {unknown}
 g - 2 scrolls of blinking {unknown}
 l - a scroll of acquirement {unknown}
Potions
 b - 2 potions of magic
 d - a potion of enlightenment {unknown}
 f - 2 potions of lignification {unknown}
 h - a potion of degeneration {unknown}
 i - 2 potions of curing {unknown}
 m - 2 potions of ambrosia {unknown}
 o - a potion of heal wounds {unknown}


   Skills:
 + Level 1.8 Fighting
 + Level 2.6 Dodging
 - Level 1.7 Stealth
 + Level 2.6 Spellcasting
 * Level 5.5 Necromancy


You couldn't memorise any spells.
You knew the following spells:

 Your Spells              Type           Power      Damage    Failure   Level
a - Necrotise             Necr           100%       1d9       1%          1
b - Vampiric Draining     Necr           30%        2d8       3%          3
c - Animate Dead          Necr           30%        N/A       11%         4

Your spell library contained the following spells:

 Spells                   Type           Power      Damage    Failure   Level
 Freeze                   Ice            12%        1d3       11%         1
 Wereblood                Tmut           3%         N/A       16%         2
 Ozocubu's Armour         Ice            3%         N/A       30%         3
 Agony                    Necr           30%        N/A       30%         5
 Irradiate                Conj/Tmut      1%         3d12      96%         5
 Ozocubu's Refrigeration  Ice            1%         4d7       100%        7


Dungeon Overview and Level Annotations

Branches:
Dungeon (4/15)
 Temple: D:4-7

Altars:
Hepliaklqana

Annotations:
D:3 2 transporters, exclusion: downstairs
D:4 Edmund, Sigmund


Innate Abilities, Weirdness & Mutations

You may rarely emit foul miasma when damaged in melee.
You are partially covered in sharp spines.
Your touch may inflict minor irresistible damage on your foes.


Message History

Your quokka skeleton barely misses Edmund.
Casting: Necrotise (safe; 1% risk of failure)
Confirm with . or Enter, or press ? or * to list all spells.
Aiming: Necrotise (safe; 1% risk of failure)
Press: ? - help, Shift-Dir - straight line, f/p - Edmund
Aim: Edmund, wielding a +6 flail of holy wrath and wearing a +0 scale mail (moderately wounded, ally target, chance to affect: 83%) Edmund writhes in agony.
Your quokka skeleton bites Edmund.
Casting: Necrotise (safe; 1% risk of failure)
Confirm with . or Enter, or press ? or * to list all spells.
Aiming: Necrotise (safe; 1% risk of failure)
Press: ? - help, Shift-Dir - straight line, f/p - Edmund
Aim: Edmund, wielding a +6 flail of holy wrath and wearing a +0 scale mail (moderately wounded, ally target, chance to affect: 83%) Edmund writhes in agony.
Edmund is struck by your spines. Edmund closely misses you.
Your ball python skeleton bites Edmund.
Your ball python skeleton grabs Edmund.
Your ball python skeleton constricts Edmund.
Your quokka skeleton bites Edmund but does no damage.
You hit Edmund but do no damage.
Edmund is heavily wounded.
Edmund hits you with a +6 flail of holy wrath!
You convulse.
Your ball python skeleton bites Edmund but does no damage.
Your ball python skeleton constricts Edmund.
Your quokka skeleton bites Edmund but does no damage.
Edmund hits your ball python skeleton with a +6 flail of holy wrath!
Your ball python skeleton is destroyed!
Casting: Necrotise (safe; 1% risk of failure)
Confirm with . or Enter, or press ? or * to list all spells.
Aiming: Necrotise (safe; 1% risk of failure)
Press: ? - help, Shift-Dir - straight line, f/p - Edmund
Aim: Edmund, wielding a +6 flail of holy wrath and wearing a +0 scale mail (heavily wounded, ally target, chance to affect: 83%) Edmund barely resists.
Edmund barely misses you.
Your quokka skeleton closely misses Edmund.
Your quokka skeleton closely misses Edmund.
Edmund attacks as he pursues you!
Edmund hits you with a +6 flail of holy wrath!
You convulse!
You die...
Edmund whines, "They better pay attention to me now!"

.........# .
............# .....
............##.....
............#.....
#..........#...
#..........#.#
#........<..#
#.......#..#
#...@@.....#
##.....Z..##
##.......#
##......#
.....##..##
####.....# .......
##++##... #....


You could see Edmund (ally target) and a friendly quokka skeleton.

Vanquished Creatures
  An orc priest (D:3)
  An adder (D:2)
  A worm (D:2)
  A dart slug (D:2)
  6 orcs (D:3)
  7 ball pythons
  4 bats
  13 endoplasms
  5 giant cockroaches
  4 goblins
  A hobgoblin (D:1)
  9 kobolds
  4 quokkas
  4 frilled lizards
  3 rats (D:1)
64 creatures vanquished.

Vanquished Creatures (collateral kills)
  An orc (D:3)
  A hobgoblin (D:1)
  A ball python (D:2)
  A frilled lizard (D:2)
4 creatures vanquished.

Grand Total: 68 creatures vanquished

Notes
Turn   | Place    | Note
-------+----------+-------------------------------------------
     0 | D:1      | killozap the Demonspawn Necromancer began the quest for the
                  | Orb.
     0 | D:1      | Reached XP level 1. HP: 13/13 MP: 3/3
   234 | D:1      | Gained mutation: You are partially covered in sharp spines.
                  | [demonic ancestry]
   234 | D:1      | Reached XP level 2. HP: 18/20 MP: 1/5
   602 | D:1      | Reached skill level 1 in Fighting
   687 | D:1      | Gained mutation: Your touch may inflict minor irresistible
                  | damage on your foes. [demonic ancestry]
   687 | D:1      | Reached XP level 3. HP: 26/26 MP: 4/6
  1280 | D:2      | Learned a level 3 spell: Vampiric Draining
  1360 | D:2      | Reached skill level 5 in Necromancy
  2100 | D:3      | Gained mutation: You may rarely emit foul miasma when
                  | damaged in melee. [demonic ancestry]
  2100 | D:3      | Reached XP level 4. HP: 32/32 MP: 5/7
  2176 | D:3      | Got Sif Muna's Encyclopedia of Cryomancy
  2239 | D:3      | Found a transporter.
  2249 | D:3      | Noticed a kobold demonologist
  2346 | D:3      | Found a transporter.
  2712 | D:3      | Found a hazy altar of Hepliaklqana.
  3071 | D:4      | Learned a level 4 spell: Animate Dead
  3128 | D:4      | Noticed Sigmund
  3238 | D:4      | Noticed Edmund
  3255 | D:4      | Slain by Edmund

Illustrated notes

Levels and vault maps discovered:
D:1:      spicycebolla_arrival_risky_transporter, layout_loops_cross
D:2:      layout_loops_cross, dreamdust_wishing_well
D:3:      gammafunk_wand_slinger, layout_loops_corners,
          worldfamousw_hep_ancestral_shrine
D:4:      layout_cave_pods, general_overflow_altar, kennysheep_little_box,
          okawaru_metal_pillars_1_2, gammafunk_temple_overflow_claw,
          uniq_sigmund, uniq_crazy_yiuf_cottage, uniq_edmund, uniq_duvessa

Skill      XL: |  1  2  3 |
---------------+----------+-----
Dodging        | 2 |  2.6
Fighting       | 1 |  1.8
Necromancy     | 5 |  5.5
Stealth        | |  1.7
Spellcasting   | |  2.6

Action                     |  1- 3 |  4- 6 || total
---------------------------+-------+-------++-------
  Melee: Falchion          |    12 |       ||    12
         Dagger            |     2 |     2 ||     4
   Cast: Necrotise         |    72 |    31 ||   103
   Stab: Sleeping          |     2 |       ||     2
 Armour: Robe              |     6 |     3 ||     9
  Dodge: Dodged            |    17 |     3 ||    20

Table legend: (Time is in decaauts)
 A = Elapsed time spent in this place.
 B = Non-inter-level travel time spent in this place.
 C = Inter-level travel time spent in this place.
 D = Time resting spent in this place.
 E = Time spent auto-exploring this place.
 F = Levels seen in this place.
 G = Mean time per level.
                   A        B        C        D        E       F      G
               +--------+--------+--------+--------+--------+-----+--------+
         Total |   3255 |   3166 |     89 |     61 |   2676 |   4 |  813.8 |
       Dungeon |   3255 |   3166 |     89 |     61 |   2676 |   4 |  813.8 |
               +--------+--------+--------+--------+--------+-----+--------+

Top non-repeatable levels by time:
     D:3: 1111 daAuts
     D:1: 1011 daAuts
     D:2: 997 daAuts
     D:4: 134 daAuts
